 Dungeon Sprint DCSS version 0.22-a0-362-g535178c (webtiles) character file.

56706 Arum the Slayer (level 14, -19/141 HPs)
             Began as a Barachi Fighter on Apr 20, 2018.
             Was a High Priest of Cheibriados.
             Demolished by a fire giant
             ... wielding a +1 great sword of flaming
              (24 damage)
             ... in the Dungeon (Sprint IX: "|||||||||||||||||||||||||||||").
             The game lasted 00:11:45 (3502 turns).

Arum the Slayer (Barachi Fighter)                   Turns: 3502, Time: 00:11:45

Health: -19/141    AC: 19    Str: 41    XL:     14   Next: 82%
Magic:  2/26       EV: 10    Int: 23    God:    Cheibriados [*****.]
Gold:   1084       SH: 20    Dex: 26    Spells: 13/13 levels left

rFire    . . .     SeeInvis .   o - +2 morningstar (crush)
rCold    . . .     Gourm    .   c - +0 shield
rNeg     . . .     Faith    .   C - +3 scale mail of the Wary Queens {Str+5}
rPois    +         Spirit   .   h - +1 helmet
rElec    .         Reflect  .   a - +0 cloak
rCorr    .         Harm     .   v - +0 pair of gloves
MR       +....     NoTele   +   (no boots)
Stlth    +.........             y - amulet of regeneration
HPRegen  0.73/turn              r - +2 ring of protection
MPRegen  0.20/turn              A - ring of poison resistance

@: very slow
A: +LOS, swims, slowness 1, strong legs 2
a: Hop, Bend Time, Temporal Distortion, Slouch, Step From Time, Renounce
Religion


You were in the Dungeon.
You worshipped Cheibriados.
Cheibriados was extremely pleased with you.
You were hungry.

You visited 1 branch You collected 1800 gold pieces.
You spent 716 gold pieces at shops.

Inventory:

Hand Weapons
 o - a +2 morningstar of crushing (weapon)
Armour
 a - a +0 cloak (worn)
 c - a +0 shield (worn)
 h - a +1 helmet (worn)
 v - a +0 pair of gloves (worn)
 C - the +3 scale mail of the Wary Queens (worn) {Str+5}
   (You found it in the Dungeon)

   It affects your strength (+5).
Jewellery
 r - a +2 ring of protection (left hand)
 s - a +3 ring of intelligence
 y - an amulet of regeneration (around neck)
 A - a ring of poison resistance (right hand)
 B - an uncursed ring of protection from magic
Wands
 n - a wand of iceblast (8)
Scrolls
 k - 4 scrolls of blinking
 l - 5 scrolls of remove curse
 m - 2 scrolls of amnesia
 q - 2 scrolls of identify
 t - 6 scrolls of enchant armour
Potions
 b - a potion of agility
 d - a potion of might
 e - 6 potions of curing
 i - 3 potions of magic
 j - a potion of invisibility
 w - a potion of lignification
 x - a potion of mutation
 z - a potion of cancellation
Comestibles
 f - 14 rations
 p - 2 chunks of flesh


   Skills:
 + Level 22.7 Fighting
 + Level 21.0 Maces & Flails
 - Level 10.6 Armour
 + Level 21.1 Shields
 + Level 17.0 Invocations


You had 13 spell levels left.
You didn't know any spells.

Dungeon Overview and Level Annotations

Branches:
Dungeon (1/1)

Altars:
Cheibriados
Dithmenos
Elyvilon
Fedhas
Gozag
Hepliaklqana
Kikubaaqudgha
Makhleb
Nemelex Xobeh
Okawaru
Qazlal
Ru
Sif Muna
Trog
Uskayaw
Vehumet
Wu Jian
Xom
Yredelemnul
Zin
The Shining One
Beogh
Jiyva
Lugonu

Shops:
D !!=[


Innate Abilities, Weirdness & Mutations

Shadows flee at your approach. (+LOS)
You can swim through water.
You cover ground slowly.
You can hop long distances.


Message History

The vault sentinel shouts!
The fire giant points at you and mumbles some strange words.
The bolt of fire hits you!
* * * LOW HITPOINT WARNING * * *
The vault sentinel blows a loud note on a signal horn!
A crystal guardian comes into view.
Things that are here:
a morningstar; a ring mail; a human corpse The vault sentinel blows a loud note on a signal horn!
The fire giant closely misses you. The fire giant casts a spell at you.
The fireball explodes!
The fireball engulfs you!
* * * LOW HITPOINT WARNING * * *
The fireball engulfs the fire giant.
The fire giant resists.
You hear a shout! x2
Unknown command.
You hit the fire giant but do no damage.
The fire giant is almost dead.
The fire giant hits you with a great sword of flaming!!
You die...

▓▓▓▓▓▓▓▓▓▓▓▓▓▓▓▓▓▓▓▓▓▓▓▓▓
..).[.......))))@Cp..8...
▓▓▓▓▓▓▓▓▓▓▓▓▓▓▓▓▓▓▓▓▓▓▓▓▓▓▓▓▓▓▓▓▓
.................................
♣▓▓▓▓▓▓▓▓▓▓▓▓▓▓▓▓▓▓▓▓▓▓▓▓▓▓▓▓▓▓▓▓
)†)†÷......†.........))........'.
♣▓▓▓▓▓▓▓▓▓▓▓▓▓▓▓▓▓▓▓▓▓▓▓▓▓▓▓▓▓▓▓▓
.................................
▓▓▓▓▓▓▓▓▓▓▓▓▓▓▓▓▓▓▓▓▓▓▓▓▓▓▓▓▓▓▓▓▓
[[=[[[[[.......!.(')(()).)÷......


You could see a fire giant, a crystal guardian and a vault sentinel.

Vanquished Creatures
  A golden dragon (D)
  A fire giant (D)
  Aizul (D)
  3 stone giants (D)
  2 very ugly things (D)
  2 ironheart preservers (D)
  A spark wasp (D)
  An ettin (D)
  4 fire dragons (D)
  3 yaktaur captains (D)
  Erolcha (D)
  2 great orbs of eyes (D)
  4 hydras (D)
  A rakshasa (D)
  2 centaur warriors (D)
  A ghost crab (D)
  Erica (D)
  An alligator (D)
  A merfolk aquamancer (D)
  2 ogre magi (D)
  A deep troll earth mage (D)
  A two-headed ogre (D)
  2 orc high priests (D)
  A deep troll shaman (D)
  A tengu warrior (D)
  2 shock serpents (D)
  2 sea snakes (D)
  2 unseen horrors (D)
  A glowing orange brain (D)
  2 ironbrand convokers (D)
  A naga ritualist (D)
  5 orc sorcerers (D)
  2 wolf spiders (D)
  A mana viper (D)
  An orb spider (D)
  5 orc knights (D)
  3 manticores (D)
  A cyclops (D)
  A naga mage (D)
  An elephant (shapeshifter) (D)
  An elephant (D)
  4 black mambas (D)
  3 spiny frogs (D)
  A vault sentinel (D)
  A water nymph (D)
  A gargoyle (D)
  A komodo dragon (D)
  A yaktaur (D)
  2 demonic crawlers (D)
  2 meliai (shapeshifter) (D)
  A queen bee (shapeshifter) (D)
  A troll (D)
  A merfolk (D)
  2 jumping spiders (D)
  2 hippogriffs (D)
  A shadow (D)
  3 wyverns (D)
  2 tarantellas (D)
  A water elemental (D)
  A yak (D)
  A hungry ghost (D)
  3 wargs (D)
  An insubstantial wisp (D)
  2 nagas (D)
  2 hell hounds (D)
  A porcupine (D)
  2 water moccasins (D)
  2 swamp drakes (D)
  11 orc warriors (D)
  An ice beast (D)
  A phantom (D)
  An ogre (D)
  2 centaurs (D)
  4 wolves (D)
  3 bullfrogs (D)
  A howler monkey (D)
  A crimson imp (D)
  A jelly (D)
  3 orc priests (D)
  3 orc wizards (D)
  An adder skeleton (D)
  A dart slug (D)
  13 orcs (D)
  2 giant cockroaches (D)
  2 jackals (D)
  A kobold (D)
  A quokka (D)
  A quokka skeleton (D)
  A rat (D)
172 creatures vanquished.

Vanquished Creatures (others)
  A spatial maelstrom (D)
1 creature vanquished.

Grand Total: 173 creatures vanquished

Notes
Turn   | Place    | Note
-------+----------+-------------------------------------------
     0 | D        | Arum the Barachi Fighter began the quest for the Orb.
     0 | D        | Reached XP level 1. HP: 18/18 MP: 1/1
     1 | D        | Banished a spatial maelstrom
     5 | D        | Reached skill level 4 in Fighting
    14 | D        | Reached XP level 2. HP: 21/25 MP: 2/2
    66 | D        | Noticed a phantom
   110 | D        | Killed a phantom
   110 | D        | Reached skill level 6 in Fighting
   110 | D        | Reached skill level 5 in Maces & Flails
   110 | D        | Reached skill level 5 in Shields
   110 | D        | Reached XP level 3. HP: 14/35 MP: 3/3
   110 | D        | Reached XP level 4. HP: 17/41 MP: 4/4
   283 | D        | Found a roughly hewn altar of Beogh.
   283 | D        | Found a snail-covered altar of Cheibriados.
   283 | D        | Found a shadowy altar of Dithmenos.
   283 | D        | Found a white marble altar of Elyvilon.
   283 | D        | Found a blossoming altar of Fedhas.
   283 | D        | Found an opulent altar of Gozag.
   283 | D        | Found a hazy altar of Hepliaklqana.
   284 | D        | Found a viscous altar of Jiyva.
   285 | D        | Found an ancient bone altar of Kikubaaqudgha.
   286 | D        | Found a corrupted altar of Lugonu.
   287 | D        | Became a worshipper of Cheibriados the Contemplative
   288 | D        | Found a burning altar of Makhleb.
   289 | D        | Found a sparkling altar of Nemelex Xobeh.
   290 | D        | Found an iron altar of Okawaru.
   291 | D        | Found a stormy altar of Qazlal.
   292 | D        | Found a sacrificial altar of Ru.
   293 | D        | Found a deep blue altar of Sif Muna.
   294 | D        | Found a bloodstained altar of Trog.
   295 | D        | Found a hide-covered altar of Uskayaw.
   296 | D        | Found a radiant altar of Vehumet.
   297 | D        | Found an ornate altar of the Wu Jian Council.
   298 | D        | Found a shimmering altar of Xom.
   299 | D        | Found a basalt altar of Yredelemnul.
   300 | D        | Found a glowing silver altar of Zin.
   301 | D        | Found a glowing golden altar of the Shining One.
   355 | D        | Noticed an ogre
   355 | D        | Noticed a centaur
   355 | D        | Noticed a hungry ghost
   355 | D        | Noticed a centaur
   355 | D        | Noticed an ice beast
   359 | D        | Killed an ogre
   359 | D        | Reached skill level 7 in Fighting
   359 | D        | Reached XP level 5. HP: 47/48 MP: 5/5
   363 | D        | Killed a centaur
   363 | D        | Reached * piety under Cheibriados
   363 | D        | Reached skill level 8 in Fighting
   363 | D        | Reached XP level 6. HP: 56/56 MP: 6/6
   377 | D        | Killed a hungry ghost
   377 | D        | Reached ** piety under Cheibriados
   377 | D        | Reached skill level 9 in Fighting
   377 | D        | Reached XP level 7. HP: 62/64 MP: 7/7
   383 | D        | Reached skill level 10 in Fighting
   383 | D        | Reached skill level 10 in Armour
   395 | D        | Noticed a troll
   395 | D        | Noticed a centaur warrior
   395 | D        | Noticed a hippogriff
   401 | D        | Killed a troll
   401 | D        | Reached *** piety under Cheibriados
   413 | D        | Killed a centaur warrior
   413 | D        | Reached skill level 11 in Fighting
   413 | D        | Reached skill level 10 in Maces & Flails
   413 | D        | Reached skill level 10 in Shields
   413 | D        | Reached XP level 8. HP: 35/76 MP: 7/10
   415 | D        | Reached **** piety under Cheibriados
   422 | D        | Killed a hippogriff
   422 | D        | Reached skill level 12 in Fighting
   422 | D        | Reached XP level 9. HP: 28/82 MP: 8/12
   755 | D        | Noticed a komodo dragon
   757 | D        | Reached ***** piety under Cheibriados
   759 | D        | Noticed a black mamba
   764 | D        | Killed a komodo dragon
   764 | D        | Reached skill level 5 in Invocations
   773 | D        | Reached ****** piety under Cheibriados
   776 | D        | Reached skill level 13 in Fighting
   781 | D        | Killed a black mamba
   798 | D        | Noticed a spiny frog
   798 | D        | Noticed a spiny frog
   798 | D        | Noticed a seven-headed hydra
   798 | D        | Noticed an elephant
   800 | D        | Killed a spiny frog
   800 | D        | Reached XP level 10. HP: 88/92 MP: 15/15
   802 | D        | Noticed a black mamba
   805 | D        | Killed a spiny frog
   805 | D        | Killed a black mamba
   805 | D        | Reached skill level 14 in Fighting
   809 | D        | Killed a seven-headed hydra
   823 | D        | Killed an elephant
  1066 | D        | Reached skill level 15 in Fighting
  1247 | D        | Noticed a stone giant
  1268 | D        | Killed a stone giant
  1268 | D        | Reached XP level 11. HP: 44/103 MP: 16/18
  1520 | D        | Noticed an orc knight
  1520 | D        | Noticed an orc high priest
  1526 | D        | Killed an orc knight
  1526 | D        | Reached skill level 10 in Invocations
  1539 | D        | Killed an orc high priest
  1539 | D        | Reached skill level 16 in Fighting
  1558 | D        | Reached skill level 15 in Shields
  1694 | D        | Found Inniqum's Distillery.
  1694 | D        | Noticed an orc knight
  1694 | D        | Noticed an orc high priest
  1694 | D        | Noticed an orc sorcerer
  1695 | D        | Found Qufat's Distillery.
  1696 | D        | Noticed an orc sorcerer
  1698 | D        | Killed an orc knight
  1698 | D        | Reached skill level 15 in Maces & Flails
  1700 | D        | Noticed a sixfirhy
  1701 | D        | Killed an orc high priest
  1703 | D        | Killed an orc sorcerer
  1703 | D        | Killed an orc sorcerer
  1709 | D        | Found Talleil's Jewellery Emporium.
  1718 | D        | Found Padyruav's Antique Armour Shoppe.
  1721 | D        | Noticed an orc sorcerer
  1722 | D        | Noticed an orc sorcerer
  1722 | D        | Noticed an orc sorcerer
  1728 | D        | Noticed a sixfirhy
  1729 | D        | Killed an orc sorcerer
  1729 | D        | Killed an orc sorcerer
  1729 | D        | Killed an orc sorcerer
  1729 | D        | Reached skill level 17 in Fighting
  1917 | D        | Bought a potion of heal wounds for 55 gold pieces
  1917 | D        | Bought a potion of lignification for 33 gold pieces
  1917 | D        | Bought a potion of heal wounds for 55 gold pieces
  1919 | D        | Bought a potion of mutation for 104 gold pieces
  1919 | D        | Bought a potion of heal wounds for 65 gold pieces
  1919 | D        | Bought a potion of cancellation for 104 gold pieces
  1925 | D        | Bought an uncursed amulet of regeneration for 300 gold pieces
  1947 | D        | Noticed Erolcha
  1951 | D        | Killed Erolcha
  1951 | D        | Reached XP level 12. HP: 95/114 MP: 20/20
  2001 | D        | Noticed Erica
  2007 | D        | Killed Erica
  2209 | D        | Got the +3 scale mail of the Wary Queens {Str+5}
  2293 | D        | Noticed a two-headed ogre
  2294 | D        | Noticed a spark wasp
  2296 | D        | Killed a spark wasp
  2297 | D        | Noticed a stone giant
  2298 | D        | Noticed an ogre mage
  2301 | D        | Noticed an ettin
  2302 | D        | Killed a two-headed ogre
  2307 | D        | Noticed a centaur warrior
  2312 | D        | Killed a stone giant
  2312 | D        | Reached skill level 18 in Fighting
  2314 | D        | Noticed a rakshasa
  2324 | D        | Killed an ettin
  2328 | D        | Killed a centaur warrior
  2336 | D        | Killed a rakshasa
  2340 | D        | Killed an ogre mage
  2539 | D        | Noticed an alligator
  2539 | D        | Noticed a five-headed hydra
  2539 | D        | Noticed an eight-headed hydra
  2553 | D        | Noticed a ghost crab
  2553 | D        | Killed an alligator
  2556 | D        | Killed a five-headed hydra
  2557 | D        | Noticed a four-headed hydra
  2558 | D        | Killed an eight-headed hydra
  2558 | D        | Reached skill level 19 in Fighting
  2558 | D        | Gained mutation: You can hop long distances. [Barachi growth]
  2558 | D        | Reached XP level 13. HP: 86/125 MP: 11/23
  2790 | D        | Reached skill level 20 in Fighting
  3028 | D        | Noticed Aizul
  3037 | D        | Killed Aizul
  3086 | D        | Noticed a fire dragon
  3086 | D        | Noticed a great orb of eyes
  3086 | D        | Noticed a fire dragon
  3090 | D        | Noticed a yaktaur captain
  3094 | D        | Noticed a great orb of eyes
  3102 | D        | Noticed a fire giant
  3103 | D        | Killed a fire dragon
  3103 | D        | Reached skill level 15 in Invocations
  3104 | D        | Paralysed by a great orb of eyes for 2 turns
  3105 | D        | Noticed an ogre mage
  3105 | D        | Noticed a golden dragon
  3107 | D        | Killed a great orb of eyes
  3107 | D        | Killed a fire dragon
  3107 | D        | Killed an ogre mage
  3107 | D        | Reached skill level 21 in Fighting
  3107 | D        | Reached XP level 14. HP: 66/138 MP: 12/25
  3108 | D        | Noticed a stone giant
  3116 | D        | HP: 4/138 [fire giant/bolt of fire (39)]
  3119 | D        | Noticed a cyan very ugly thing
  3122 | D        | Killed a fire giant
  3123 | D        | HP: 1/138 [golden dragon/bolt of cold (38)]
  3126 | D        | Killed a golden dragon
  3127 | D        | Killed a cyan very ugly thing
  3129 | D        | Killed a stone giant
  3278 | D        | Noticed a white very ugly thing
  3283 | D        | HP: 3/139 [white very ugly thing (29)]
  3288 | D        | Killed a white very ugly thing
  3290 | D        | Reached skill level 22 in Fighting
  3435 | D        | Noticed an ironheart preserver
  3443 | D        | Killed an ironheart preserver
  3476 | D        | Noticed an ironheart preserver
  3483 | D        | Killed an ironheart preserver
  3496 | D        | Noticed a fire giant
  3501 | D        | HP: 5/141 [fire giant/fireball (18)]
  3502 | D        | Demolished by a fire giant

Vault maps used:
D:        linesprint

Skill      XL: |  1  2  3  4  5  6  7  8  9 10 11 12 13 14 |
---------------+-------------------------------------------+-----
Fighting       | 4 6 7 8 9 11 12 13 15 17 19 21 22 | 22.7
Armour         | 4 6 7 8 9 10 | 10.6
Maces & Flails | 3 5 6 7 8 10 12 14 15 17 19 21 | 21.0
Shields        | 5 6 7 8 10 11 12 14 15 17 19 21 | 21.1
Invocations    | 3 4 7 9 11 13 15 17 | 17.0

Action                   |  1- 3 |  4- 6 |  7- 9 | 10-12 | 13-15 || total
-------------------------+-------+-------+-------+-------+-------++-------
Melee: Flail             |    40 |       |       |       |       ||    40
       Morningstar       |       |    21 |    59 |   174 |   167 ||   421
Invok: Slouch            |       |       |       |    13 |    20 ||    33
Evoke: Wand              |       |       |       |       |     2 ||     2
  Use: Potion            |     1 |       |     1 |     5 |    10 ||    17
 Stab: Confused          |       |       |       |     1 |       ||     1
  Eat: Chunk             |       |       |       |     5 |     4 ||     9
Armor: Scale mail        |    12 |       |       |    16 |    43 ||    71
       Chain mail        |       |     8 |    23 |    24 |       ||    55
Dodge: Dodged            |    10 |     5 |    17 |    35 |    28 ||    95
Block: Shield            |    18 |     9 |    33 |   117 |   129 ||   306

Table legend:
 A = Spawn XP
 B = Non-spawn XP
 C = Spawn XP percentage of total XP
 D = Spawn monster count
 E = Non-spawn monster count
 F = Spawn count percentage of total count
 G = Total turns spent on level
                    A         B        C        D         E        F      G
               +---------+---------+-------+---------+---------+-------+---------
         Total |       0 |   81009 |   0.0 |       0 |     172 |   0.0 |  3502
               +---------+---------+-------+---------+---------+-------+---------
             D |       0 |   81009 |   0.0 |       0 |     172 |   0.0 |  3502
               +---------+---------+-------+---------+---------+-------+---------
